Khor, lawful male human Knight @ q & f q h |.| H & -.|.- &c E .<... ---- a H a Khor the Sergeant Experience level: 11 Strength: 18/03 Dexterity: 10 Constitution: 14 Intelligence: 7 Wisdom: 14 Charisma: 18 Health: 48(48) Energy: 80(96) Def: 18 Gold: 5334 Moves: 6544 Dungeon seed: OXY4rqSqyW_IGC7d Game ID: Khor_1433919820 Your Inventory: Coins $ - 5334 gold pieces Amulets Q - an uncursed amulet of reflection (being worn) S - an uncursed amulet of ESP Weapons f - the blessed rustproof +1 Excalibur (weapon in hand) Armor q - an uncursed +0 small shield (being worn) r - a blessed +0 pair of leather gloves (being worn) y - an uncursed +0 leather cloak (being worn) z - an uncursed +0 set of gray dragon scales (being worn) N - an uncursed +0 pair of speed boots (being worn) Y - an uncursed +0 helm of brilliance (being worn) Scrolls d - an uncursed scroll of gold detection s - an uncursed scroll of stinking cloud u - an uncursed scroll of remove curse I - 2 uncursed scrolls of create monster R - an uncursed scroll of teleportation Potions c - an uncursed potion of hallucination K - an uncursed potion of healing Rings i - an uncursed ring of protection from shape changers t - a cursed ring of regeneration B - an uncursed ring of regeneration U - an uncursed ring of polymorph control (on left hand) Wands a - an uncursed wand of make invisible (0:4) e - an uncursed wand of cancellation (0:4) g - an uncursed wand of polymorph (0:4) h - an uncursed wand of digging (0:6) j - an uncursed wand of secret door detection (0:10) p - an uncursed wand of digging (0:6) v - an uncursed wand of sleep (0:3) A - an uncursed wand of polymorph (0:3) D - an uncursed wand of striking (0:2) E - an uncursed wand of digging (0:6) F - an uncursed wand of magic missile (0:6) G - an uncursed wand of sleep (0:8) J - an uncursed wand of wishing (1:0) L - an uncursed wand of lightning (0:7) O - an uncursed wand of teleportation (0:7) V - an uncursed wand of magic missile (0:7) W - an uncursed wand of striking (0:6) X - an uncursed wand of magic missile (0:4) Tools b - an uncursed sack k - an uncursed skeleton key l - an uncursed leash w - an uncursed magic whistle x - an uncursed tallow candle (0:200) M - a cursed magic marker named cursed (0:53) P - an uncursed bugle T - an uncursed towel Z - a blessed magic marker named blessed (0:82) Contents of the sack: 5 uncursed apples 14 uncursed carrots 3 uncursed coffee beans 9 uncursed food rations 2 uncursed lizard corpses 2 uncursed oranges an uncursed sprig of wolfsbane an uncursed tripe ration 6 uncursed scrolls of blank paper a cursed scroll of magic mapping a blessed potion of blindness an uncursed potion of blindness an uncursed potion of confusion an uncursed potion of extra healing a cursed potion of extra healing an uncursed potion of gain ability a blessed potion of healing a potion of holy water 2 uncursed potions of levitation a cursed potion of levitation an uncursed potion of sleeping a cursed ring of hunger an uncursed ring of poison resistance an uncursed ring of polymorph a cursed -1 ring of protection an uncursed ring of see invisible an uncursed ring of see invisible an uncursed ring of shock resistance a blessed greased ring of teleport control 7 cursed wax candles (0:400) Spells known in the end: Name Level Category Fail Memory Your skills at the end: Fighting Skills riding [Basic] Weapon Skills long sword [Skilled] polearms [Basic] Spellcasting Skills Final Attributes: You had transgressed. You were poison resistant. You were level-drain resistant. You were magic-protected. You were blinded. You saw invisible. You were telepathic. You had automatic searching. You had infravision. You could jump. You could fly. You were protected. You had polymorph control. You were polymorphed into a master mind flayer. You were very fast. You had reflection. You are dead. Vanquished creatures: a gray dragon an orange dragon a vampire lord 4 liches a golden naga 2 black puddings 2 vampires 5 ghosts a barbarian a queen bee 2 giant mimics 2 ogre kings 3 ice trolls 5 rock trolls 2 bone devils a large mimic a stalker an earth elemental 2 water elementals 2 hill giants a giant mummy 3 xorns a giant zombie 3 sergeants an ettin mummy an ogre lord a quantum mechanic 2 trolls a marilith a large dog a tengu 2 elf mummies 2 human mummies 2 red nagas a python a wraith an ettin zombie a Grey-elf 37 soldiers an incubus a chameleon a cockatrice a winter wolf cub 3 panthers 2 leprechauns an iron piercer a horse 4 vampire bats an orc mummy 2 dwarf mummies 2 ogres 3 rust monsters an owlbear a gold golem a Green-elf 3 lizards a dingo a housecat a blue jelly a dust vortex 3 ravens 2 gnome mummies a snake a rope golem 2 Woodland-elves a soldier ant a bugbear 5 Uruk-hai a pony a fog cloud 2 yellow lights 2 shriekers a violet fungus 5 gnome lords 5 gnomish wizards a red naga hatchling a guardian naga hatchling 2 elf zombies a ghoul a baby crocodile 5 giant ants a floating eye a homunculus 3 hill orcs 3 rothes a centipede 3 giant bats a monkey 8 orc zombies a dwarf zombie an iguana 25 killer bees 2 acid blobs a hobbit 2 hobgoblins 3 cave spiders 3 red molds 16 gnomes 2 garter snakes 3 gnome zombies 2 jackals 2 foxen 2 goblins 3 sewer rats 14 grid bugs 3 lichens 2 kobold zombies 2 newts 290 creatures vanquished. Voluntary challenges: You used a wielded weapon 477 times, starting on turn 13. You read items or engraved 33 times, starting on turn 258. You never genocided any monsters. You never polymorphed an object. You changed form 5 times, starting on turn 5708. You completed Sokoban on turn 4111, according to the rules. You used 4 wishes, starting on turn 5929. You did not wish for any artifacts. You split 2 puddings, starting on turn 6048. You wrote Elbereth's name 26 times, starting on turn 258. You violated your moral code, losing 20 points of alignment, starting on turn 1730. Dungeon overview: The Dungeons of Doom: levels 1 to 26 Level 1 a long staircase Level 2 a fountain Level 3 stairs to The Gnomish Mines Level 4 some fountains Level 5 a general store Level 6 Level 7 Level 8 a general store, some sinks Level 9 a fountain Level 10 a fountain stairs to Sokoban Level 11 a fountain Level 12 Level 13 Level 14 a temple to Brigit, some fountains, a sink Level 15 Level 16 Level 17 a fountain, a sink Level 18 Level 19 Level 20 Level 21 Level 22 Level 23 Level 24 Level 26 a fountain Gehennom: levels 27 to 29 Level 27 a temple to Moloch stairs to The Dungeons of Doom Level 28 Level 29 <- You were here The Gnomish Mines: levels 4 to 6 Level 4 stairs to The Dungeons of Doom Level 5 Level 6 many shops, a temple to Manannan Mac Lir, some fountains Sokoban: levels 6 to 9 Level 6 Level 7 Level 8 Level 9 stairs to The Dungeons of Doom History has recorded: On T:1 you entered the Dungeons of Doom to retrieve the Amulet of Yendor! On T:128 you reached level 2 of The Dungeons of Doom. On T:181 you reached level 3 of The Dungeons of Doom. On T:269 you reached level 4 of The Dungeons of Doom. On T:453 you advanced to experience level 2. On T:647 you reached level 1 of The Gnomish Mines. On T:654 you advanced to experience level 3. On T:697 you advanced to experience level 4. On T:762 you reached level 2 of The Gnomish Mines. On T:807 you reached level 3 of The Gnomish Mines. On T:902 you advanced to experience level 5. On T:1383 you reached level 5 of The Dungeons of Doom. On T:1734 you advanced to experience level 6. On T:1746 you reached level 7 of The Dungeons of Doom. On T:1918 you reached level 8 of The Dungeons of Doom. On T:1969 you reached level 9 of The Dungeons of Doom. On T:2184 you reached level 10 of The Dungeons of Doom. On T:2198 you reached level 4 of Sokoban. On T:2316 you advanced to experience level 7. On T:2568 you reached level 3 of Sokoban. On T:2938 you reached level 2 of Sokoban. On T:3223 you reached level 1 of Sokoban. On T:3704 you advanced to experience level 8. On T:4111 you entered the Sokoban zoo. On T:4447 you reached level 11 of The Dungeons of Doom. On T:4558 you reached level 12 of The Dungeons of Doom. On T:4592 you reached level 13 of The Dungeons of Doom. On T:4703 you reached level 14 of The Dungeons of Doom. On T:4829 you reached level 15 of The Dungeons of Doom. On T:4873 you advanced to experience level 9. On T:4955 you reached level 16 of The Dungeons of Doom. On T:5326 you reached level 17 of The Dungeons of Doom. On T:5343 you reached level 18 of The Dungeons of Doom. On T:5362 you reached level 19 of The Dungeons of Doom. On T:5399 you reached level 20 of The Dungeons of Doom. On T:5475 you reached level 21 of The Dungeons of Doom. On T:5546 you reached level 22 of The Dungeons of Doom. On T:5565 you reached level 23 of The Dungeons of Doom. On T:5566 you reached level 24 of The Dungeons of Doom. On T:5585 you reached The Castle. On T:5874 you advanced to experience level 9. On T:5929 you wished for "2 blessed scroll of charging". On T:5930 you wished for "blessed fixed greased ring of teleport control". On T:5937 you wished for "cursed magic marker". On T:5973 you advanced to experience level 10. On T:6044 you advanced to experience level 11. On T:6063 you wished for "blessed magic marker". On T:6270 you reached The Valley of the Dead. On T:6458 you reached level 2 of Gehennom. On T:6532 you reached level 3 of Gehennom. Score breakdown: Gold: 5334 (12678 points) Experience: 11 levels (17616 points) Exploration: 29 levels ( 61.70%) (23405 points) Discoveries: 38 items ( 15.38%) (11766 points) Valuables value: (no points given unless you survive) Artifact value: 4000 (12253 points) Variety of kills: 108 monsters ( 28.50%) (16014 points) Time penalty: 6544 turns (-1752 points) Survival: died (score multiplied by 80%) Total score: 73584 Latest messages: The green slime doesn't seem harmed. The green slime doesn't seem harmed. The Woodland-elf hits! You return to human form! You eat the elf zombie's brain! The elf zombie doesn't notice. Your tentacles suck the elf zombie. You eat the elf zombie's brain! The elf zombie doesn't notice. You have a little trouble lifting V - an uncursed wand of magic missile. You have a little trouble lifting F - an uncursed wand of magic missile. You have a little trouble lifting H - a cursed wand of magic missile. You have a little trouble lifting a - an uncursed wand of make invisible. You have a little trouble lifting g - an uncursed wand of polymorph. You have a little trouble lifting n - an uncursed wand of slow monster. You have a little trouble lifting o - an uncursed wand of speed monster. You have a little trouble lifting D - an uncursed wand of striking. You have a little trouble lifting O - an uncursed wand of teleportation. You have a little trouble lifting J - an uncursed wand of wishing. You have a little trouble lifting P - an uncursed bugle. You have become a green slime. Your body rises from the dead as a green slime... Final status: Fare thee well Khor the Knight, turned to slime... You turned into slime in Gehennom on dungeon level 29 with 73584 points, and 5334 pieces of gold, after 6544 moves. You were level 11 with a maximum of 65 hit points when you turned into slime.